 Dungeon Crawl Stone Soup version 0.14-a0-2848-g1d0399b (webtiles) character file.

130 Junicave the Digger (level 4, -1/30 HPs)
             Began as a Formicid Earth Elementalist on Feb 26, 2014.
             Killed by divine providence
             ... invoked by an orc priest
              (14 damage)
             ... on Level 3 of the Dungeon.
             The game lasted 00:14:51 (1970 turns).

Junicave the Digger (Formicid Earth Elementalist)   Turns: 1970, Time: 00:14:51

HP  -1/30        AC  9     Str 13      XL: 4   Next: 11%
MP   5/7         EV 12     Int 14      God:
Gold 77          SH  0     Dex 12      Spells:  2 memorised,  4 levels left

rFire  . . .     SeeInvis +     k - +2 spear
rCold  . . .     Clarity  .     n - +1 robe
rNeg   + . .     Conserve .     (no shield)
rPois  .         rCorr    .     (helmet unavailable)
rElec  .         rRot     .     s - +0 cloak
SustAb . .       Spirit   .     p - +0 pair of gloves
rMut   .         Warding  +     (no boots)
Saprov . . .     Stasis   +     z - amulet of warding {unknown}
MR     .....                    (no ring)
                                q - +0,+6 ring of slaying {unknown}

@: stone skin, not resistant to hostile enchantments, fairly stealthy
A: permanent stasis, dig shafts and tunnels, four strong arms, poison weakness,
antennae 3, exoskeleton 1
a: Dig, Shaft Self


You were on level 3 of the Dungeon.
You were not hungry.

You visited 1 branch of the dungeon, and saw 3 of its levels.

You collected 77 gold pieces.

Inventory:

Hand weapons
 k - a +2,+2 spear (weapon)
Missiles
 b - 104 stones (quivered)
 f - 7 curare-tipped needles
 y - 21 poisoned needles
 D - a dart of frost
Armour
 c - a +0 robe
 i - a +0 robe
 n - a +1 robe (worn)
 p - a +0 pair of gloves (worn)
 s - a +0 cloak (worn)
 E - a +0 robe
Comestibles
 a - 4 bread rations
 v - a meat ration
 w - a choko
Scrolls
 e - a scroll of enchant weapon II {unknown}
 g - 2 scrolls of remove curse {unknown}
 h - a scroll of curse armour {unknown}
 l - 4 scrolls of amnesia {unknown}
 m - 2 scrolls of fog {unknown}
 u - a scroll of identify {unknown}
 x - a scroll of enchant armour {unknown}
 B - a scroll of fear {unknown}
 C - a scroll of recharging {unknown}
Jewellery
 q - a +0,+6 ring of slaying (left hand) {unknown}
 z - an amulet of warding (around neck) {unknown}
Potions
 j - a potion of paralysis {unknown}
 o - 2 potions of curing {unknown}
 r - a potion of heal wounds {unknown}
 t - a potion of confusion {unknown}
 A - a potion of brilliance {unknown}
Books
 d - a book of Geomancy

   Spells                             Type                      Level
   *Sandblast                         Earth                        1
   *Stoneskin                         Transmutation/Earth          2
   Passwall                           Transmutation/Earth          3
   Stone Arrow                        Conjuration/Earth            3
   Petrify                            Transmutation/Earth          4
   Lee's Rapid Deconstruction         Earth                        5


   Skills:
 - Level 1.7 Dodging
 - Level 2.4 Stealth
 - Level 2.1 Spellcasting
 - Level 1.1 Transmutations
 * Level 5.6 Earth Magic


You had 4 spell levels left.
You knew the following spells:

 Your Spells              Type           Power        Failure   Level  Hunger
a - Sandblast             Erth           ###...       2%          1    #......
b - Stoneskin             Trmt/Erth      ##........   12%         2    ###....


Dungeon Overview and Level Annotations

Branches:
Dungeon (3/16)

Altars:


Innate Abilities, Weirdness & Mutations

Your are under a permanent stasis effect.
You can dig through walls and to a lower floor.
Your four strong arms can wield any weapon, most with a shield.
You have a pair of large antennae on your head (SInv).
Your body is surrounded by an exoskeleton. (AC +1)


Message History

Attack whom?
Press: ? - help, Dir - move target cursor, f/p - orc priest
Aim: an orc priest, wielding a flail and wearing an orcish scale mail The orc is in the way.
You hit the orc.
You kill the orc!
The orc priest looks braver.
Attack whom?
Press: ? - help, Dir - move target cursor, f/p - orc priest
Aim: an orc priest, wielding a flail and wearing an orcish scale mail The orc is in the way.
You closely miss the orc. The orc closely misses you.
The orc priest invokes the aid of Beogh against you.
Something smites you!
Attack whom?
Press: ? - help, Dir - move target cursor, f/p - orc priest
Aim: an orc priest, wielding a flail and wearing an orcish scale mail You reach to attack!
You closely miss the orc priest. The orc completely misses you.
The orc priest calls down the wrath of Beogh upon you.
Something smites you!
You die...

###.### #.### ..... .....
#####.########.#.#
#.................
#.############.#.# #.#
#.#.# { #.# #.... #.# ###
#.... #@# #.######.#.#
#o#####.##........
......{o......>..........
#.#.###.#######.####.#.#
#.# #.# #.#.# #.# #.#
#.#.. #.# #.# #.#.# #.#
#.# #.#.# ####.###.#
#.####.#.#


You could see an orc priest and an orc.

Vanquished Creatures
  An adder (D:2)
  A giant mite (D:1)
  A worm (D:2)
  2 giant geckos (D:2)
  An ooze (D:2)
  An orc (D:3)
  A ball python (D:1)
  A giant cockroach (D:2)
  A goblin (D:1)
  4 hobgoblins
  3 jackals (D:2)
  2 giant newts
  2 kobolds
  2 quokkas
  4 rats
27 creatures vanquished.

Notes
Turn   | Place    | Note
--------------------------------------------------------------
     0 | D:1      | Junicave, the Formicid Earth Elementalist, began the quest for the Orb.
     0 | D:1      | Reached XP level 1. HP: 13/13 MP: 3/3
    63 | D:1      | Reached skill level 4 in Earth Magic
    63 | D:1      | Reached XP level 2. HP: 14/19 MP: 0/4
   807 | D:1      | Learned a level 2 spell: Stoneskin
   969 | D:2      | Reached skill level 5 in Earth Magic
   969 | D:2      | Reached XP level 3. HP: 11/24 MP: 0/6
  1681 | D:2      | Reached XP level 4. HP: 30/30 MP: 3/7
  1970 | D:3      | Killed from afar by an orc priest

Action                   |  1- 3 |  4- 6 || total
-------------------------+-------+-------++-------
Melee: Unarmed           |     1 |       ||     1
       Spear             |    42 |    14 ||    56
Throw: Stone             |     1 |       ||     1
 Cast: Sandblast         |    26 |       ||    26
       Stoneskin         |     7 |     3 ||    10
 Abil: Dig               |     1 |       ||     1
 Stab: Distracted        |       |     1 ||     1
